 Dungeon Crawl Stone Soup version 0.28.0-53-g5a82cb258f (webtiles) character file.

Game seed: 5343575114471993945

219 cbfl8 the Chopper (level 5, -4/48 HPs)
             Began as a Minotaur Berserker on July 26, 2022.
             Was a Priest of Trog.
             Killed from afar by an orc wizard (6 damage)
             ... with a puff of flame
             ... on level 4 of the Dungeon.
             The game lasted 00:02:11 (3555 turns).

cbfl8 the Chopper (Minotaur Berserker)              Turns: 3555, Time: 00:02:12

Health: -4/48      AC:  1    Str: 22    XL:     5   Next: 64%
Magic:  4/4        EV: 11    Int:  4    God:    Trog [***...]
Gold:   142        SH:  0    Dex: 11    Spells: 4/4 levels left

rFire   . . .      SeeInvis .   a - +0 hand axe
rCold   . . .      Faith    .   (no shield)
rNeg    . . .      Spirit   .   d - +0 ring mail
rPois   .          Reflect  .   (helmet restricted)
rElec   .          Harm     .   (no cloak)
rCorr   .          Rampage  .   (no gloves)
Will    .....                   (no boots)
Stlth   ..........              (no amulet)
HPRegen 0.16/turn               (no ring)
MPRegen 0.09/turn               (no ring)

@: confused, lethally poisoned (-4 -> -11), corroded, on berserk cooldown,
slowed, very slow
A: horns 2, retaliatory headbutt
a: Renounce Religion, Berserk, Trog's Hand


You were on level 4 of the Dungeon.
You worshipped Trog.
Trog was most pleased with you.
You visited 1 branch of the dungeon, and saw 4 of its levels.

You collected 142 gold pieces.

Inventory:

Hand Weapons
 a - a +0 hand axe (weapon)
Armour
 b - a +1 animal skin
 d - a +0 ring mail (worn)
Scrolls
 e - a scroll of amnesia {unknown}
 f - 3 scrolls of identify {unknown}
 g - 2 scrolls of enchant weapon {unknown}
 h - 2 scrolls of immolation {unknown}
 i - a scroll of teleportation {unknown}
 j - a scroll of summoning {unknown}
Potions
 c - a potion of brilliance {unknown}


   Skills:
 * Level 5.1 Fighting
 + Level 5.2 Axes
 + Level 3.3 Armour
 * Level 3.3 Dodging
 * Level 1.2 Stealth


You had 4 spell levels left.
You didn't know any spells.
Your spell library was empty.

Dungeon Overview and Level Annotations

Branches:
Dungeon (4/15)
 Temple: D:4-7

Altars:


Innate Abilities, Weirdness & Mutations

You have a pair of horns on your head.
You reflexively headbutt those who attack you in melee.


Message History

Unknown command.
You closely miss something. x2; Something hits you. x2
Unknown command.
You barely miss something. x2; Something hits you but does no damage.
Something hits you.
Unknown command.
You hit something. Your headbutt misses something. You miss something.
You are no longer berserk.
You are exhausted.
You feel yourself slow down.
You miss something. Your headbutt misses something. You closely miss something.
Something hits you. x2; The adder bites you.
Something hits you.
You hear some strange, mumbled words.
You are confused.
Unknown command.
Unknown command.
You closely miss something. Your headbutt misses something.
You barely miss the adder. You closely miss something. The adder bites you.
You are poisoned.
The adder poisons you!
Something hits you. x2; The adder barely misses you.
Unknown command.
You feel sick. The adder bites you.
You hear some strange, mumbled words.
You are more confused.
Something hits you.
* * * LOW HITPOINT WARNING * * *
The adder bites you.
* * * LOW HITPOINT WARNING * * *
You are lethally poisoned!
The adder poisons you! Something hits you.
* * * LOW HITPOINT WARNING * * *
You hear some strange, mumbled words.
You are more confused.
* * * LOW HITPOINT WARNING * * *
You feel very sick. The adder closely misses you.
You hear some strange, mumbled words.
A puff of flame appears from out of thin air!
The puff of flame hits you.
You die...

##.##..####### ...##..#
###.# .####..#
#####...#####
.####..####...........
.........##.#.......##
#......#.##<.........##.
#...#.##.##.............
###.............).......
#...###.......).@{..###.
#.### ##.#.....{.S......
..# ########.$..#####
### ####.# .# .# . #


You could see an adder.

Vanquished Creatures
  A jelly (D:4)
  An orc priest (D:4)
  An orc wizard (D:4)
  6 adders
  A worm (D:2)
  A dart slug (D:1)
  12 orcs
  5 ball pythons
  3 endoplasms
  A giant cockroach (D:1)
  4 goblins
  7 hobgoblins
  4 jackals (D:3)
  A quokka (D:1)
  7 bats
  2 frilled lizards
  5 kobolds
  7 rats
69 creatures vanquished.

Vanquished Creatures (others)
  A plant (D:1)
1 creature vanquished.

Grand Total: 70 creatures vanquished

Notes
Turn   | Place    | Note
-------+----------+-------------------------------------------
     0 | D:1      | cbfl8 the Minotaur Berserker began the quest for the Orb.
     0 | D:1      | Reached XP level 1. HP: 19/19 MP: 0/0
   250 | D:1      | Reached XP level 2. HP: 27/27 MP: 1/1
   707 | D:1      | Found a faded altar of an unknown god.
   882 | D:1      | Reached ** piety under Trog
  1344 | D:2      | Reached XP level 3. HP: 32/33 MP: 2/2
  2310 | D:3      | Reached XP level 4. HP: 17/41 MP: 3/3
  3211 | D:4      | Reached skill level 1 in Stealth
  3211 | D:4      | Reached XP level 5. HP: 12/47 MP: 4/4
  3214 | D:4      | Reached skill level 5 in Fighting
  3214 | D:4      | Reached skill level 5 in Axes
  3219 | D:4      | Reached *** piety under Trog
  3555 | D:4      | HP: 2/48 [poisoned by an adder]
  3555 | D:4      | Killed from afar by an orc wizard

Illustrated notes

Levels and vault maps discovered:
D:1:      dpeg_arrival_concentric_ovals, layout_basic,
          shapermc_ecumenical_altar_mp_ritualfount, due_unseen_surprise
D:2:      layout_basic
D:3:      layout_rooms, serial_curves, eino_curves_03, eino_curves_03
D:4:      layout_loops_ring, serial_shops, nicolae_shop_statue_plus,
          roderic_lattice_a

Skill      XL: |  1  2  3  4  5 |
---------------+----------------+-----
Fighting       | 4 5 |  5.1
Axes           | 4 5 |  5.2
Dodging        | 3 |  3.3
Armour         | 3 |  3.3
Stealth        | 1 |  1.2

Action                   |  1- 3 |  4- 6 || total
-------------------------+-------+-------++-------
Melee: Hand axe          |    82 |    58 ||   140
       Headbutt          |     7 |     8 ||    15
Invok: Berserk           |       |     3 ||     3
  Use: Scroll            |     3 |       ||     3
Armor: Animal skin       |    14 |       ||    14
       Ring mail         |    12 |    12 ||    24
Dodge: Dodged            |    52 |    33 ||    85
